 Dungeon Crawl Stone Soup version 0.20-a0-472-g5c05303 (webtiles) character file.

123 terra52 the Skirmisher (level 5, -1/54 HPs)
             Began as an Ogre Warper on Jan 14, 2017.
             Was a Follower of Elyvilon.
             Slain by Crazy Yiuf
             ... wielding a +2 quarterstaff of chaos
              (3 damage)
             ... on level 3 of the Dungeon.
             The game lasted 00:09:53 (3055 turns).

terra52 the Skirmisher (Ogre Warper)                Turns: 3055, Time: 00:09:53

Health: -1/54      AC:  4    Str: 16    XL:     5   Next: 7%
Magic:  6/9        EV: 10    Int: 14    God:    Elyvilon [*.....]
Gold:   112        SH:  0    Dex:  8    Spells: 2/9 levels left

rFire  . . .     SeeInvis +     a - +0 mace
rCold  . . .     Gourm    .     v - +1 robe {MR+}
rNeg   . . .     Faith    .     (no shield)
rPois  .         Spirit   .     (helmet restricted)
rElec  .         Reflect  .     (no cloak)
rCorr  .         Harm     .     (gloves unavailable)
MR     +....                    (boots unavailable)
Stlth  ++........               i - amulet of regeneration
                                l - ring of stealth
                                j - ring of see invisible

@: lethally poisoned (-1 -> -1), exhausted, slowed, very slow
A: unfitting armour, tough skin 1
a: Lesser Healing, Divine Protection, Renounce Religion


You were on level 3 of the Dungeon.
You worshipped Elyvilon.
Elyvilon was aware of your devotion.
You were hungry.

You visited 1 branch of the dungeon, and saw 3 of its levels.

You collected 112 gold pieces.

Inventory:

Hand Weapons
 a - a +0 mace (weapon)
 F - a +0 blowgun
Missiles
 e - 5 tomahawks of dispersal
 h - 77 stones (quivered)
 k - 58 sling bullets
 G - 10 poisoned needles
Armour
 b - a +0 robe
 q - a +0 shield
 v - a +1 robe of magic resistance (worn)
Jewellery
 i - an amulet of regeneration (around neck)
 j - a ring of see invisible (left hand)
 l - a ring of stealth (right hand)
 p - an uncursed ring of ice
Wands
 H - a wand of confusion (32/48)
Scrolls
 d - a scroll of blinking
 o - 3 scrolls of remove curse
 y - a scroll of fog
 A - 2 scrolls of teleportation
Potions
 g - a potion of might {unknown}
 m - 2 potions of brilliance
 s - 2 potions of berserk rage
 t - a potion of curing {unknown}
 u - a potion of ambrosia {unknown}
 D - a potion of resistance
 E - a potion of degeneration {unknown}
Books
 c - a book of Spatial Translocations

   Spells                             Type                      Level
   a - Blink                          Translocation                2
   b - Shroud of Golubria             Charms/Translocation         2
   c - Lesser Beckoning               Translocation                3
   d - Portal Projectile              Translocation                3
   e - Teleport Other                 Translocation                3
   f - Passage of Golubria            Translocation                4
Comestibles
 f - 5 bread rations
 r - 3 fruits
 z - a meat ration
 B - a beef jerky


   Skills:
 * Level 4.0 Fighting
 + Level 2.8 Maces & Flails
 + Level 1.3 Throwing
 + Level 3.1 Dodging
 + Level 0.4 Stealth
 + Level 2.7 Spellcasting
 + Level 2.7 Translocations


You had 2 spell levels left.
You knew the following spells:

 Your Spells              Type           Power        Failure   Level  Hunger
a - Shroud of Golubria    Chrm/Tloc      #.........   21%         2    ###....
b - Blink                 Tloc           N/A          14%         2    ###....
c - Portal Projectile     Tloc           #.....       24%         3    ###....


Dungeon Overview and Level Annotations

Branches:
Dungeon (3/15)

Altars:
Elyvilon
Gozag
Hepliaklqana
Qazlal
Vehumet
Yredelemnul

Annotations:
D:3 Crazy Yiuf


Innate Abilities, Weirdness & Mutations

You are too large for most types of armour.
You have tough skin. (AC +1)


Message History

You are healed.
You are feeling hungry.
You feel sick.
Crazy Yiuf hits you with a quarterstaff of chaos.
You are electrocuted!
* * * LOW HITPOINT WARNING * * *
Okay, then.
You're too confused!
You are healed.
You feel somewhat more hungry.
You feel less confused.
You feel sick.
Crazy Yiuf hits you with a quarterstaff of chaos.
* * * LOW HITPOINT WARNING * * *
Crazy Yiuf freezes you.
* * * LOW HITPOINT WARNING * * *
You closely miss Crazy Yiuf.
Crazy Yiuf is lightly wounded.
You feel sick.
Crazy Yiuf hits you with a quarterstaff of chaos.
You die...

#.......#
#####.###.###.###...
#.#####.#
#........#.###.#.###
#.# #.#
#.###.#.###.....###.
####.## ### ###
######.#.....##.
......# #.###.).###.
####.## ### ##.####.
#.##### #####
#.#.... #.....##
###..)# #.#.P.P
#......####.'@g.#
##'#.._.
##......#..##...#
##....P.P
####....#.########
##........
##.#########
##.......## ##...##
##.........#
......####
#######'.........'
##...###.#
###....##..........#
#...# #.#
#.†...............##
#...# #.#
#÷#########......##


You could see Crazy Yiuf.

Vanquished Creatures
  Jessica (D:2)
  An adder (D:3)
  An ooze (D:2)
  6 worms
  A leopard gecko (D:2)
  4 bats
  2 giant cockroaches (D:1)
  6 goblins
  8 hobgoblins
  9 jackals
  A quokka (D:3)
  2 ball pythons (D:1)
  5 frilled lizards
  9 kobolds
  3 rats
59 creatures vanquished.

Notes
Turn   | Place    | Note
-------+----------+-------------------------------------------
     0 | D:1      | terra52 the Ogre Warper began the quest for the Orb.
     0 | D:1      | Reached XP level 1. HP: 22/22 MP: 3/3
   250 | D:1      | Reached XP level 2. HP: 24/29 MP: 5/5
   267 | D:1      | Learned a level 2 spell: Shroud of Golubria
   270 | D:1      | Learned a level 2 spell: Blink
   341 | D:1      | Reached skill level 3 in Fighting
   843 | D:1      | Reached XP level 3. HP: 37/37 MP: 7/7
  1227 | D:2      | Noticed Jessica
  1233 | D:2      | Killed Jessica
  1233 | D:2      | Reached XP level 4. HP: 35/45 MP: 8/8
  1279 | D:2      | Found a white marble altar of Elyvilon.
  1295 | D:2      | Became a worshipper of Elyvilon the Healer
  1510 | D:2      | Found a basalt altar of Yredelemnul.
  1563 | D:2      | Found a radiant altar of Vehumet.
  1563 | D:2      | Found an opulent altar of Gozag.
  1571 | D:2      | Found a faded altar of an unknown god.
  1573 | D:2      | Found a faded altar of an unknown god.
  1575 | D:2      | Found a stormy altar of Qazlal.
  1700 | D:3      | Learned a level 3 spell: Portal Projectile
  1705 | D:3      | Found a hazy altar of Hepliaklqana.
  1945 | D:3      | Found a basalt altar of Yredelemnul.
  2124 | D:3      | Reached * piety under Elyvilon
  2287 | D:3      | Reached skill level 4 in Fighting
  2430 | D:3      | Reached XP level 5. HP: 54/54 MP: 6/9
  2972 | D:3      | Found a runed door.
  3042 | D:3      | Noticed Crazy Yiuf
  3045 | D:3      | Paralysed by Crazy Yiuf for 7 turns
  3053 | D:3      | HP: 2/54 [Crazy Yiuf/quarterstaff of chaos (19)]
  3055 | D:3      | Slain by Crazy Yiuf

Vault maps used:
D:1:      onia_arrival_pyramid
D:2:      kennysheep_ying_yang, chequers_temple_overflow_minitemple,
          uniq_jessica
D:3:      lemuel_round_altar, first_bread, minivault_27,
          yredelemnul_altar_generic, uniq_crazy_yiuf_cottage

Skill      XL: |  1  2  3  4 |
---------------+-------------+-----
Maces & Flails | 2 |  2.8
Fighting       | 3 4 |  4.0
Dodging        | 3 |  3.1
Throwing       | |  1.3
Stealth        | |  0.4
Spellcasting   | |  2.7
Translocations | |  2.7

Action                   |  1- 3 |  4- 6 || total
-------------------------+-------+-------++-------
Melee: Mace              |   104 |    35 ||   139
       Battleaxe         |       |   137 ||   137
Throw: Stone             |    12 |     7 ||    19
 Cast: Shroud of Golubri |       |     9 ||     9
Invok: Lesser Healing    |       |     3 ||     3
  Use: Scroll            |       |     5 ||     5
       Potion            |       |     1 ||     1
 Stab: Sleeping          |     4 |     2 ||     6
  Eat: Chunk             |     1 |     7 ||     8
Armor: Robe              |    28 |    77 ||   105
Dodge: Dodged            |    50 |   143 ||   193
Block: Shield            |     3 |       ||     3
